 Dungeon Crawl Stone Soup version 0.26-a0-1161-g0398aca569 (webtiles) character file.

Game seed: 12000382018841871417

201 DungeonDestroyer the Skirmisher (level 5, -1/47 HPs)
             Began as a Gnoll Abyssal Knight on Dec 25, 2020.
             Was a Priest of Lugonu.
             Slain by a leopard gecko skeleton (3 damage)
             ... on level 4 of the Dungeon.
             The game lasted 00:07:24 (4220 turns).

DungeonDestroyer the Skirmisher (GnAK)              Turns: 4220, Time: 00:07:25

Health: -1/47      AC:  9    Str: 15    XL:     5   Next: 79%
Magic:  17/17      EV:  8    Int: 14    God:    Lugonu [***...]
Gold:   99         SH:  0    Dex: 15    Spells: 7/7 levels left

rFire    . . .     SeeInvis .   a - +1 spear
rCold    . . .     Faith    .   (no shield)
rNeg     . . .     Spirit   .   h - +0 chain mail
rPois    .         Reflect  .   (no helmet)
rElec    .         Harm     .   (no cloak)
rCorr    .         Rampage  .   (no gloves)
Will     .....                  (no boots)
Stlth    ..........             (no amulet)
HPRegen  0.15/turn              e - ring of magical power
MPRegen  0.15/turn              (no ring)

@: lethally poisoned (-1 -> -18)
A: distributed training, fangs 1, strong nose
a: Renounce Religion, Depart the Abyss, Bend Space, Banish


You were on level 4 of the Dungeon.
You worshipped Lugonu.
Lugonu was most pleased with you.
You visited 1 branch of the dungeon, and saw 4 of its levels.
You visited the Abyss 1 time.

You collected 99 gold pieces.

Inventory:

Hand Weapons
 a - a +1 spear (weapon)
Missiles
 c - 16 bolts
 d - 2 datura-tipped darts
 f - 52 stones
 i - 51 arrows
 j - 4 javelins
 m - 27 poisoned darts
Armour
 h - a +0 chain mail (worn)
Jewellery
 e - a ring of magical power (left hand)
Wands
 b - a wand of enslavement (13)
Scrolls
 g - a scroll of magic mapping
 k - a scroll of identify
 l - 3 scrolls of teleportation
 o - a scroll of remove curse {unknown}
Potions
 n - a potion of flight
 p - 3 potions of curing


   Skills:
 + Level 6.7 Fighting
 + Level 1.6 Short Blades
 + Level 1.6 Long Blades
 + Level 1.6 Axes
 + Level 1.6 Maces & Flails
 + Level 4.8 Polearms
 + Level 1.6 Staves
 + Level 1.6 Slings
 + Level 1.6 Bows
 + Level 1.6 Crossbows
 + Level 1.6 Throwing
 + Level 4.8 Armour
 + Level 3.0 Dodging
 + Level 1.6 Stealth
 + Level 1.6 Shields
 + Level 1.6 Unarmed Combat
 + Level 1.6 Spellcasting
 + Level 1.3 Conjurations
 + Level 1.3 Hexes
 + Level 1.3 Summonings
 + Level 1.3 Necromancy
 + Level 1.3 Translocations
 + Level 1.3 Transmutations
 + Level 1.3 Fire Magic
 + Level 1.3 Ice Magic
 + Level 1.3 Air Magic
 + Level 1.3 Earth Magic
 + Level 1.3 Poison Magic
 + Level 4.9 Invocations
 + Level 1.6 Evocations


You had 7 spell levels left.
You didn't know any spells.
Your spell library was empty.

Dungeon Overview and Level Annotations

Branches:
Dungeon (4/15)
 Temple: D:4-7

Altars:


Innate Abilities, Weirdness & Mutations

Your experience applies equally to all skills.
You have very sharp teeth.
Your uncanny sense of smell can sniff out nearby items.


Message History

You hit the worker ant but do no damage.
The worker ant is almost dead.
* * * LOW HITPOINT WARNING * * *
You feel sick.
The worker ant bites you but does no damage.
You hit the worker ant.
You bite the worker ant, but do no damage.
The worker ant is almost dead.
* * * LOW HITPOINT WARNING * * *
You feel sick.
The worker ant bites you but does no damage.
You hit the worker ant but do no damage.
Your bite misses the worker ant.
The worker ant is almost dead.
* * * LOW HITPOINT WARNING * * *
You feel sick. The worker ant bites you.
* * * LOW HITPOINT WARNING * * *
You are more poisoned.
The worker ant poisons you! The leopard gecko skeleton bites you.
You die...

.........#..# #.
###.........###.
................
................
###......#......
#.###..#......
#. #..#..###.
.#.###.(#..###.
.......@.......
......BZ†......
.#...#.........
#...#..#..##..
............. .
.#............
.. ...........
............


You could see a worker ant and a leopard gecko skeleton.

Vanquished Creatures
  A hound (D:4)
  A worker ant (D:4)
  5 adders
  5 dart slugs
  2 leopard geckos
  2 ball pythons
  14 bats
  17 giant cockroaches
  4 goblins
  7 hobgoblins
  2 jackals (D:1)
  4 quokkas
  6 frilled lizards
  6 kobolds
  8 rats
84 creatures vanquished.

Notes
Turn   | Place    | Note
-------+----------+-------------------------------------------
     0 | Abyss:1  | DungeonDestroyer the Gnoll Abyssal Knight began the quest
                  | for the Orb.
     0 | Abyss:1  | Reached XP level 1. HP: 23/23 MP: 3/3
    22 | Abyss:1  | Found a bloodstained altar of Trog.
    83 | Abyss:1  | Noticed an orange demon
    89 | Abyss:1  | Noticed a thrashing horror
    90 | D:1      | Escaped the Abyss
   682 | D:1      | Reached XP level 2. HP: 24/29 MP: 5/5
   724 | D:1      | Reached * piety under Lugonu
   898 | D:1      | Reached XP level 3. HP: 33/35 MP: 6/6
  1731 | D:2      | Reached skill level 1 in Short Blades
  1731 | D:2      | Reached skill level 1 in Long Blades
  1731 | D:2      | Reached skill level 1 in Axes
  1731 | D:2      | Reached skill level 1 in Maces & Flails
  1731 | D:2      | Reached skill level 1 in Staves
  1731 | D:2      | Reached skill level 1 in Slings
  1731 | D:2      | Reached skill level 1 in Bows
  1731 | D:2      | Reached skill level 1 in Crossbows
  1731 | D:2      | Reached skill level 1 in Throwing
  1731 | D:2      | Reached skill level 1 in Stealth
  1731 | D:2      | Reached skill level 1 in Shields
  1731 | D:2      | Reached skill level 1 in Unarmed Combat
  1731 | D:2      | Reached skill level 1 in Spellcasting
  1731 | D:2      | Reached skill level 1 in Evocations
  1969 | D:2      | Reached XP level 4. HP: 41/41 MP: 7/7
  1976 | D:2      | Reached ** piety under Lugonu
  2959 | D:3      | Reached skill level 1 in Conjurations
  2959 | D:3      | Reached skill level 1 in Hexes
  2959 | D:3      | Reached skill level 1 in Summonings
  2959 | D:3      | Reached skill level 1 in Necromancy
  2959 | D:3      | Reached skill level 1 in Translocations
  2959 | D:3      | Reached skill level 1 in Transmutations
  2959 | D:3      | Reached skill level 1 in Fire Magic
  2959 | D:3      | Reached skill level 1 in Ice Magic
  2959 | D:3      | Reached skill level 1 in Air Magic
  2959 | D:3      | Reached skill level 1 in Earth Magic
  2959 | D:3      | Reached skill level 1 in Poison Magic
  3366 | D:3      | Reached XP level 5. HP: 47/47 MP: 8/8
  3793 | D:3      | Reached *** piety under Lugonu
  4220 | D:4      | HP: 2/47 [worker ant (3)]
  4220 | D:4      | Slain by a leopard gecko skeleton

Illustrated notes

Levels and vault maps discovered:
D:1:      dpeg_arrival_lava_temple_mockup, layout_basic
D:2:      layout_loops_corners
D:3:      minmay_roachtagon, layout_basic
D:4:      layout_basic, minmay_temple_entry_statues_fountains, serial_shops,
          nicolae_shop_overgrown_old_shop

Skill      XL: |  1  2  3  4  5 |
---------------+----------------+-----
Short Blades   | 1 |  1.6
Long Blades    | 1 |  1.6
Axes           | 1 |  1.6
Maces & Flails | 1 |  1.6
Staves         | 1 |  1.6
Slings         | 1 |  1.6
Bows           | 1 |  1.6
Crossbows      | 1 |  1.6
Throwing       | 1 |  1.6
Stealth        | 1 |  1.6
Shields        | 1 |  1.6
Unarmed Combat | 1 |  1.6
Spellcasting   | 1 |  1.6
Evocations     | 1 |  1.6
Conjurations   | 1 |  1.3
Hexes          | 1 |  1.3
Summonings     | 1 |  1.3
Necromancy     | 1 |  1.3
Translocations | 1 |  1.3
Transmutations | 1 |  1.3
Fire Magic     | 1 |  1.3
Ice Magic      | 1 |  1.3
Air Magic      | 1 |  1.3
Earth Magic    | 1 |  1.3
Poison Magic   | 1 |  1.3
Dodging        | 3 |  3.0
Fighting       | |  6.7
Polearms       | |  4.8
Armour         | |  4.8
Invocations    | |  4.9

Action                   |  1- 3 |  4- 6 || total
-------------------------+-------+-------++-------
Melee: Spear             |   137 |   214 ||   351
       Bite              |     8 |    26 ||    34
       Punch             |       |     1 ||     1
Invok: Depart the Abyss  |     1 |       ||     1
  Use: Scroll            |     3 |     4 ||     7
       Potion            |     4 |     4 ||     8
 Stab: Sleeping          |     6 |     1 ||     7
Armor: Leather armour    |    22 |     6 ||    28
       Chain mail        |       |    80 ||    80
Dodge: Dodged            |    49 |    77 ||   126

Table legend: (Time is in decaauts)
 A = Elapsed time spent in this place.
 B = Non-inter-level travel time spent in this place.
 C = Inter-level travel time spent in this place.
 D = Time resting spent in this place.
 E = Time spent auto-exploring this place.
 F = Levels seen in this place.
 G = Mean time per level.
                   A        B        C        D        E       F      G
               +--------+--------+--------+--------+--------+-----+--------+
         Total |   4158 |   4021 |    137 |    389 |   2899 |   5 |  831.6 |
       Dungeon |   4068 |   3931 |    137 |    389 |   2873 |   4 | 1017.0 |
         Abyss |     90 |     90 |      0 |      0 |     26 |   1 |   90.0 |
               +--------+--------+--------+--------+--------+-----+--------+

Top non-repeatable levels by time:
     D:1: 1455 daAuts
     D:2: 1237 daAuts
     D:3: 1125 daAuts
     D:4: 250 daAuts
 Abyss:1: 90 daAuts
